 Dungeon Crawl Stone Soup version 0.28.0-43-g3370ac3207 (webtiles) character file.

Game seed: 3602285990356629552

466 jjjjhere the Changer (level 7, -4/50 HPs)
             Began as a Gnoll Wanderer on Mar 26, 2022.
             Was a Follower of Cheibriados.
             Slain by a bullfrog skeleton (5 damage)
             ... on level 5 of the Dungeon.
             The game lasted 00:07:51 (5396 turns).

jjjjhere the Changer (Gnoll Wanderer)               Turns: 5396, Time: 00:07:51

Health: -4/50      AC:  6    Str: 15    XL:     7   Next: 8%
Magic:  12/12      EV:  9    Int: 16    God:    Cheibriados [*.....]
Gold:   141        SH:  7    Dex: 11    Spells: 12/13 levels left

rFire   + . .      SeeInvis .   r - +2 dagger (drain)
rCold   . . .      Faith    .   m - +0 kite shield
rNeg    . . .      Spirit   .   h - +0 ring mail
rPois   .          Reflect  .   (no helmet)
rElec   .          Harm     .   c - +0 cloak
rCorr   .          Rampage  .   (no gloves)
Will    .....                   (no boots)
Stlth   +.........              (no amulet)
HPRegen 0.16/turn               a - ring of protection from fire
MPRegen 0.13/turn               (no ring)

@: brilliant, flying, very slow
A: fangs 1, strong nose, distributed training, frail 1, evolution 1, MP-powered
wands
a: Renounce Religion, Bend Time


You were on level 5 of the Dungeon.
You worshipped Cheibriados.
Cheibriados was aware of your devotion.
You visited 1 branch of the dungeon, and saw 5 of its levels.

You collected 183 gold pieces.
You spent 42 gold pieces at shops.

Inventory:

Hand Weapons
 b - a +0 shortbow
 r - a +2 dagger of draining (weapon)
Missiles
 f - 36 arrows
 i - 7 boomerangs (quivered)
 n - 6 poisoned darts
Armour
 c - a +0 cloak (worn)
 d - a +0 robe
 h - a +0 ring mail (worn)
 m - a +0 kite shield (worn)
Jewellery
 a - a ring of protection from fire (left hand)
Scrolls
 j - 2 scrolls of blinking {unknown}
 k - a scroll of fear {unknown}
 o - a scroll of enchant weapon {unknown}
 q - 4 scrolls of identify {unknown}
 t - a scroll of teleportation {unknown}
Potions
 u - a potion of haste {unknown}


   Skills:
 + Level 5.1 Fighting
 + Level 2.2 Short Blades
 + Level 2.2 Long Blades
 + Level 2.2 Axes
 + Level 2.2 Maces & Flails
 + Level 2.2 Polearms
 + Level 2.2 Staves
 + Level 2.2 Slings
 + Level 5.1 Bows
 + Level 2.2 Crossbows
 + Level 2.2 Throwing
 + Level 2.2 Armour
 + Level 3.4 Dodging
 + Level 2.2 Stealth
 + Level 2.2 Shields
 + Level 2.2 Unarmed Combat
 + Level 3.6 Spellcasting
 + Level 1.8 Conjurations
 + Level 1.8 Hexes
 + Level 1.8 Summonings
 + Level 1.8 Necromancy
 + Level 1.8 Translocations
 + Level 5.7 Transmutations
 + Level 1.8 Fire Magic
 + Level 1.8 Ice Magic
 + Level 1.8 Air Magic
 + Level 1.8 Earth Magic
 + Level 1.8 Poison Magic
 + Level 3.6 Invocations
 + Level 2.2 Evocations


You had 12 spell levels left.
You knew the following spells:

 Your Spells              Type           Power      Damage    Failure   Level
a - Sting                 Tmut/Pois      88%        1d7       24%         1

Your spell library contained the following spells:

 Spells                   Type           Power      Damage    Failure   Level
 Passwall                 Tmut/Erth      18%        N/A       34%         2
 Animate Skeleton         Necr           26%        N/A       47%         1
 Apportation              Tloc           26%        N/A       47%         1
 Summon Small Mammal      Summ           52%        N/A       47%         1
 Static Discharge         Conj/Air       13%        N/A       63%         2
 Ignite Poison            Fire/Tmut/Pois 19%        N/A       67%         3
 Dispel Undead            Necr           13%        3d9       99%         4
 Sticky Flame             Conj/Fire      13%        2d4       99%         4
 Irradiate                Conj/Tmut      11%        3d17      100%        5
 Lehudib's Crystal Spear  Conj/Erth      6%         10d3      100%        8


Dungeon Overview and Level Annotations

Branches:
Dungeon (5/15)             Temple (0/1) D:4

Altars:
Cheibriados

Shops:
D:3 !


Innate Abilities, Weirdness & Mutations

You have very sharp teeth.
Your uncanny sense of smell can sniff out nearby items.
Your experience applies equally to all skills.
You are frail. (-10% HP)
You have hidden genetic potential.
You expend magic power (3 MP) to strengthen your wands.


Message History

Throw: throwing net
Press: ? - help, Q - select action, (/) - cycle Shift-Dir - straight line, f - bullfrog skeleton
Aim: a bullfrog skeleton (moderately damaged, 78% to hit)
You throw a throwing net.
The throwing net hits the bullfrog skeleton.
The bullfrog skeleton is caught in the net!
The bullfrog skeleton is moderately damaged.
The bullfrog skeleton struggles against the net.
You hit the bullfrog skeleton.
The bullfrog skeleton is moderately damaged.
The bullfrog skeleton struggles against the net. x2
You hit the bullfrog skeleton.
The bullfrog skeleton is heavily damaged.
The bullfrog skeleton struggles against the net.
The net rips apart, and the bullfrog skeleton comes free!
You hit the bullfrog skeleton.
The bullfrog skeleton is heavily damaged.
The bullfrog skeleton hits you.
* * * LOW HITPOINT WARNING * * *
The bullfrog skeleton hits you but does no damage.
You hit the bullfrog skeleton. Your bite misses the bullfrog skeleton.
The bullfrog skeleton is heavily damaged.
The bullfrog skeleton barely misses you.
You hit the bullfrog skeleton.
The bullfrog skeleton is severely damaged.
The bullfrog skeleton hits you.
* * * LOW HITPOINT WARNING * * *
You hit the bullfrog skeleton.
The bullfrog skeleton is almost destroyed.
You block the bullfrog skeleton's attack.
The bullfrog skeleton hits you.
* * * LOW HITPOINT WARNING * * *
It was a potion of brilliance.
You feel clever all of a sudden.
The bullfrog skeleton closely misses you.
It was a potion of flight.
You feel very buoyant.
You fly up into the air.
The bullfrog skeleton hits you.
You die...

..# #. ..###..
.....≈. .....
.... +##### ..#
......####..##...
#.....')...# ∆
+...@Z#....#
#.....#....#
##...##....#
#..<# ...##
#....# ...#
#..... ....
##.... ....#
#....


You could see a bullfrog skeleton.

Vanquished Creatures
  A phantom (D:4)
  A centaur (D:5)
  A scorpion (D:4)
  An orc priest (D:3)
  A hound (D:4)
  An iguana (D:4)
  4 adders
  2 ufetubi
  A worm (D:3)
  4 dart slugs
  10 orcs (D:3)
  8 ball pythons
  7 bats
  13 endoplasms
  2 giant cockroaches
  6 hobgoblins
  6 jackals (D:2)
  7 kobolds
  2 quokkas
  4 frilled lizards
  15 goblins
  A rat (D:1)
98 creatures vanquished.

Notes
Turn   | Place    | Note
-------+----------+-------------------------------------------
     0 | D:1      | jjjjhere the Gnoll Wanderer began the quest for the Orb.
     0 | D:1      | jjjjhere set off with the following items: a +0 shortbow,
                  | 24 arrows, a +0 cloak, a +0 robe; and the following spell
                  | memorised: Sting; and the following spells available to
                  | memorise: Passwall, Ignite Poison
     0 | D:1      | Reached XP level 1. HP: 20/20 MP: 4/4
    20 | D:1      | HP: 5/18 [kobold/+0 dagger (1)]
   475 | D:1      | Reached XP level 2. HP: 26/26 MP: 5/5
   868 | D:1      | Reached XP level 3. HP: 31/31 MP: 7/7
  1521 | D:2      | Got Sif Muna's Collected Works on Clay and Conjuration
  1736 | D:2      | Reached skill level 1 in Short Blades
  1736 | D:2      | Reached skill level 1 in Long Blades
  1736 | D:2      | Reached skill level 1 in Axes
  1736 | D:2      | Reached skill level 1 in Maces & Flails
  1736 | D:2      | Reached skill level 1 in Polearms
  1736 | D:2      | Reached skill level 1 in Staves
  1736 | D:2      | Reached skill level 1 in Slings
  1736 | D:2      | Reached skill level 1 in Crossbows
  1736 | D:2      | Reached skill level 1 in Throwing
  1736 | D:2      | Reached skill level 1 in Armour
  1736 | D:2      | Reached skill level 1 in Stealth
  1736 | D:2      | Reached skill level 1 in Shields
  1736 | D:2      | Reached skill level 1 in Unarmed Combat
  1736 | D:2      | Reached skill level 1 in Evocations
  1841 | D:2      | Reached XP level 4. HP: 37/38 MP: 8/8
  2274 | D:3      | Reached skill level 1 in Conjurations
  2274 | D:3      | Reached skill level 1 in Hexes
  2274 | D:3      | Reached skill level 1 in Summonings
  2274 | D:3      | Reached skill level 1 in Necromancy
  2274 | D:3      | Reached skill level 1 in Translocations
  2274 | D:3      | Reached skill level 1 in Fire Magic
  2274 | D:3      | Reached skill level 1 in Ice Magic
  2274 | D:3      | Reached skill level 1 in Air Magic
  2274 | D:3      | Reached skill level 1 in Earth Magic
  2274 | D:3      | Reached skill level 1 in Poison Magic
  2279 | D:3      | HP: 11/38 [orc/+0 hand axe (5)]
  2284 | D:3      | HP: 9/38 [orc/boomerang (2)]
  2555 | D:3      | Reached XP level 5. HP: 34/43 MP: 9/9
  3072 | D:3      | Found a snail-covered altar of Cheibriados.
  3139 | D:3      | Became a worshipper of Cheibriados the Contemplative
  3441 | D:3      | Found Touskofoir's Distillery.
  3446 | D:3      | Bought a potion of curing for 42 gold pieces
  4062 | D:4      | Reached XP level 6. HP: 37/50 MP: 10/10
  4208 | D:4      | HP: 14/50 [phantom (8)]
  4210 | D:4      | HP: 3/50 [phantom (6)]
  4215 | D:4      | HP: 16/50 [phantom (3)]
  4221 | D:4      | HP: 8/50 [phantom (7)]
  4227 | D:4      | HP: 10/50 [phantom (2)]
  4232 | D:4      | HP: 10/50 [phantom (5)]
  4238 | D:4      | HP: 2/50 [phantom (3)]
  4240 | D:4      | Gained mutation: You are frail. (-10% HP) [potion of
                  | mutation]
  4240 | D:4      | Gained mutation: You have hidden genetic potential. [potion
                  | of mutation]
  4244 | D:4      | HP: 9/45 [phantom (4)]
  4253 | D:4      | HP: 12/45 [phantom (4)]
  4256 | D:4      | Reached skill level 5 in Fighting
  4256 | D:4      | Reached skill level 5 in Bows
  4665 | D:4      | Found a staircase to the Ecumenical Temple.
  4689 | D:4      | Reached * piety under Cheibriados
  5203 | D:5      | Entered Level 5 of the Dungeon
  5379 | D:5      | HP: 14/45 [bullfrog skeleton (2)]
  5383 | D:5      | Reached XP level 7. HP: 16/50 MP: 12/12
  5384 | D:5      | HP: 15/50 [bullfrog skeleton (1)]
  5387 | D:5      | Gained mutation: You expend magic power (3 MP) to
                  | strengthen your wands. [hidden potential]
  5391 | D:5      | HP: 7/50 [bullfrog skeleton (2)]
  5394 | D:5      | HP: 1/50 [bullfrog skeleton (3)]
  5396 | D:5      | Slain by a bullfrog skeleton

Illustrated notes

Levels and vault maps discovered:
D:1:      eino_arrival_cavern_d, layout_loops_ring, kennysheep_doodads
D:2:      layout_basic, minmay_tetromino_o2
D:3:      minmay_skewed_foursquare, layout_loops_corners,
          cheibrodos_worm_habitat, serial_shops, nicolae_shop_hallway_plus
D:4:      layout_loops_ring, temple_fountains
D:5:      layout_gridville, serial_shops, nicolae_shop_hallway_stairs,
          small_statue_intersection, chequers_serial_rivers_micro_c

Skill      XL: |  1  2  3  4  5  6 |
---------------+-------------------+-----
Short Blades   | 1 2 |  2.2
Long Blades    | 1 2 |  2.2
Axes           | 1 2 |  2.2
Maces & Flails | 1 2 |  2.2
Polearms       | 1 2 |  2.2
Staves         | 1 2 |  2.2
Slings         | 1 2 |  2.2
Crossbows      | 1 2 |  2.2
Throwing       | 1 2 |  2.2
Armour         | 1 2 |  2.2
Stealth        | 1 2 |  2.2
Shields        | 1 2 |  2.2
Unarmed Combat | 1 2 |  2.2
Evocations     | 1 2 |  2.2
Spellcasting   | 3 |  3.6
Conjurations   | 1 |  1.8
Hexes          | 1 |  1.8
Summonings     | 1 |  1.8
Necromancy     | 1 |  1.8
Translocations | 1 |  1.8
Fire Magic     | 1 |  1.8
Ice Magic      | 1 |  1.8
Air Magic      | 1 |  1.8
Earth Magic    | 1 |  1.8
Poison Magic   | 1 |  1.8
Invocations    | 3 |  3.6
Dodging        | 3 |  3.4
Fighting       | 5 |  5.1
Bows           | 5 |  5.1
Transmutations | |  5.7

Action                   |  1- 3 |  4- 6 |  7- 9 || total
-------------------------+-------+-------+-------++-------
Melee: Dagger            |   106 |   248 |     9 ||   363
       Bite              |     8 |    12 |       ||    20
 Fire: Shortbow          |    11 |       |       ||    11
Throw: Boomerang         |       |     3 |       ||     3
       Throwing net      |       |       |     1 ||     1
  Use: Potion            |       |     8 |     2 ||    10
 Stab: Invisible         |       |     1 |       ||     1
Armor: Ring mail         |    44 |   105 |     1 ||   150
Dodge: Dodged            |    54 |   107 |     3 ||   164
Block: Kite shield       |     6 |    92 |     3 ||   101
